 Dungeon Crawl Stone Soup version 0.30.1-3-gfc49f6343a (webtiles) character file.

Game seed: 662025283347929951

22360 monsoonserge the Grappler (level 12, -12/122 HPs)
             Began as a Troll Fighter on Aug 8, 2023.
             Was a High Priest of Wu Jian.
             Mangled by a titanic slime creature (93 damage)
             ... on level 12 of the Dungeon.
             The game lasted 00:38:29 (11199 turns).

monsoonserge the Grappler (Troll Fighter)          Turns: 11199, Time: 00:38:30

Health: -12/122    AC:  9    Str: 27    XL:     12   Next: 62%
Magic:  11/11      EV: 20    Int:  8    God:    Wu Jian [*****.]
Gold:   763        SH: 10    Dex:  9    Spells: 11/11 levels left

rFire   . .          .
                       - Unarmed
rCold   . . .        b - +0 kite shield
rNeg    . . .        J - +0 swamp dragon scales
rPois   +            (helmet restricted)
rElec   .            (no cloak)
rCorr   .            (gloves unavailable)
SInv    .            (boots unavailable)
Will    .....        (no amulet) Stlth
                     l - +5 ring of evasion
HPRegen 1.20/turn    L - +5 ring of evasion
MPRegen 0.12/turn

%: no passive effects
@: no status effects
A: large, unfitting armour, claws 3, regeneration 1, shaggy fur 1, tough skin 1
a: Renounce Religion, Wall Jump, Serpent's Lash, Heavenly Storm


You were on level 12 of the Dungeon.
You worshipped Wu Jian.
Wu Jian was extremely pleased with you.
You visited 3 branches of the dungeon, and saw 15 of its levels.

You collected 763 gold pieces.

Inventory:

Hand Weapons
 a - the +6 sling of Gustyided {heavy, rElec Int+3}
   (You found it on level 5 of the Dungeon)

   Int:       It affects your intelligence (+3).
   rElec:     It insulates you from electricity.
Missiles
 q - 69 poisoned darts
 t - 3 throwing nets
 G - 2 curare-tipped darts
 R - 3 javelins
 T - 4 large rocks (quivered)
Armour
 b - a +0 kite shield (worn)
 n - a +1 robe of resistance
 J - +0 swamp dragon scales (worn)
 O - +0 acid dragon scales
 S - a +0 robe of positive energy
Jewellery
 l - a +5 ring of evasion (left claw)
 F - a ring of see invisible
 H - a ring of fire
 L - a +5 ring of evasion (right claw)
Wands
 p - a wand of light (16)
 s - a wand of flame (31)
 x - a wand of digging (3)
 K - a wand of iceblast (2)
Scrolls
 d - 2 scrolls of fear {unknown}
 g - 8 scrolls of teleportation
 k - a scroll of poison {unknown}
 m - 3 scrolls of summoning {unknown}
 r - 2 scrolls of enchant armour {unknown}
 y - 3 scrolls of brand weapon {unknown}
 z - a scroll of blinking {unknown}
 A - 2 scrolls of fog {unknown}
 C - 2 scrolls of noise {unknown}
 D - 2 scrolls of immolation {unknown}
 I - 2 scrolls of silence {unknown}
 M - a scroll of enchant weapon {unknown}
 P - 3 scrolls of vulnerability {unknown}
 Q - a scroll of magic mapping {unknown}
Potions
 c - a potion of might
 e - 4 potions of brilliance
 f - 4 potions of curing
 h - 3 potions of cancellation {unknown}
 i - 2 potions of resistance
 j - 7 potions of mutation
 o - 6 potions of heal wounds {unknown}
 u - 2 potions of flight
 v - a potion of invisibility
 w - 2 potions of haste {unknown}
 B - a potion of lignification {unknown}
 E - 2 potions of attraction {unknown}
 N - a potion of magic {unknown}


   Skills:
 + Level 8.8 Fighting
 + Level 7.2 Dodging
 + Level 9.7 Shields
 * Level 14.1 Unarmed Combat


You had 11 spell levels left.
You didn't know any spells.
Your spell library contained the following spells:

 Spells                   Type           Power      Damage    Failure   Level
 Beastly Appendage        Tmut           0%         N/A       73%         1
 Magic Dart               Conj           0%         1d3       73%         1
 Call Imp                 Summ           0%         N/A       86%         2
 Cigotuvi's Dreadful Rot  Necr/Pois/Air  0%         N/A       86%         2
 Scorch                   Fire           0%         2d5       86%         2
 Call Canine Familiar     Summ           0%         N/A       97%         3
 Frozen Ramparts          Ice            0%         1d1       97%         3
 Gell's Gravitas          Tloc           0%         N/A       97%         3
 Mephitic Cloud           Conj/Pois/Air  0%         N/A       97%         3
 Portal Projectile        Hex/Tloc       0%         N/A       97%         3
 Spider Form              Tmut/Pois      0%         N/A       97%         3
 Volatile Blastmotes      Fire/Tloc      0%         2d10      97%         3
 Animate Dead             Necr           0%         N/A       100%        4
 Dispel Undead            Necr           0%         3d6       100%        4
 Flame Wave               Conj/Fire      0%         2d4       100%        4
 Ice Form                 Ice/Tmut       0%         N/A       100%        4
 Leda's Liquefaction      Hex/Erth       0%         N/A       100%        4
 Manifold Assault         Tloc           0%         N/A       100%        4
 Summon Ice Beast         Ice/Summ       0%         N/A       100%        4
 Death Channel            Necr           0%         N/A       100%        6
 Dispersal                Tloc           0%         N/A       100%        6
 Summon Cactus Giant      Summ           0%         N/A       100%        6
 Haunt                    Necr/Summ      0%         N/A       100%        7
 Disjunction              Tloc           0%         N/A       100%        8
 Infestation              Necr           0%         N/A       100%        8


Dungeon Overview and Level Annotations

Branches:
Dungeon (12/15)            Temple (1/1) D:6            Lair (2/5) D:10
  Snake (0/4) Lair:2
  Swamp: Lair:2-3    Shoals: Lair:2-3       Orc: D:9-12

Altars:
Ashenzari
Cheibriados
Dithmenos
Elyvilon
Fedhas
Gozag
Hepliaklqana
Kikubaaqudgha
Makhleb
Nemelex Xobeh
Okawaru
Qazlal
Ru
Sif Muna
Trog
Uskayaw
Vehumet
Wu Jian
Xom
Yredelemnul
Zin
The Shining One

Shops:
D:4 [[   D:10 [   D:11 :


Innate Abilities, Weirdness & Mutations

You are too large for most types of armour.
You have claws for hands.
Your natural rate of healing is unusually fast.
You are covered in fur. (AC +1)
You have tough skin. (AC +1)


Message History

You spin and attack the slime creature.
You scratch the slime creature but do no damage.
The slime creature is almost dead.
The slime creature hits you. You block the slime creature's attack.
Unknown command.
You spin and attack the slime creature.
You scratch the slime creature.
The slime creature is almost dead.
The slime creature hits you.
Unknown command.
You spin and attack the slime creature.
You mangle the slime creature!!
You kill the slime creature!
The Council accepts your kill.
You can now summon a storm of heavenly clouds to empower your attacks.
You spin and attack the slime creature.
You claw the slime creature!
You kill the slime creature!
The Council accepts your kill.
You spin and attack the slime creature.
You claw the slime creature!
You kill the slime creature!
The Council accepts your kill.
Okay, then.
Press: ? - help, v - describe, . - travel
Here: a titanic slime creature (moderately wounded)
The floor.
Okay, then.
Throw: 5 large rocks
Press: ? - help, Q - select action, (/) - cycle Shift-Dir - straight line, f - titanic slime creature
Aim: a titanic slime creature (moderately wounded, 82% to hit)
You throw a large rock.
The large rock completely misses the titanic slime creature.
The titanic slime creature closely misses you.
You scratch the titanic slime creature.
The titanic slime creature is moderately wounded.
You mangle the titanic slime creature!!
The titanic slime creature is heavily wounded.
The titanic slime creature completely misses you.
You mangle the titanic slime creature!!
The titanic slime creature is heavily wounded.
The titanic slime creature hits you!!!!
Ouch! That really hurt!
You die...

##################
.......##........#
.................#
.......#.(.....J@+
.......#[........#
.......##........#
.......##........#
.......########+##
.....>.# ########
#########+##
#..........#


You could see a titanic slime creature.

Vanquished Creatures
  Josephine (D:12)
  Erolcha (D:10)
  2 boulder beetles
  A two-headed ogre (D:12)
  Nergalle (D:12)
  Pikel (D:5)
  A cyclops (D:12)
  4 slime creatures (D:12)
  3 black mambas (Lair:1)
  2 gargoyles
  Maggie (D:7)
  Psyche (D:9)
  A rime drake (Lair:1)
  2 unseen horrors
  3 komodo dragons (Lair:1)
  The ghost of pendulumcrow the Covered, an amateur MiFi (D:5)
  4 trolls
  A hornet (D:7)
  Prince Ribbit (D:6)
  3 blink frogs (Lair:1)
  Sigmund (D:5)
  2 shadows (D:10)
  4 wraiths
  2 wyverns
  21 yaks
  3 steam dragons
  Menkaure (D:5)
  Edmund (D:5)
  4 acid dragons
  5 water moccasins
  4 orc warriors
  A hornet zombie (D:5)
  4 ice beasts
  2 black bears
  2 ogres
  2 centaurs
  3 wolves (Lair:1)
  A phantom (D:4)
  6 kobold brigands
  2 gnoll sergeants
  4 scorpions
  13 wights
  A wyvern skeleton (D:6)
  2 howler monkeys
  3 jellies (D:6)
  3 electric eels (D:8)
  3 bullfrog zombies (D:6)
  4 centaur zombies
  2 hounds
  A gnoll bouda (D:7)
  7 orc priests
  A bullfrog skeleton (D:6)
  A water moccasin simulacrum (D:5)
  2 iguanas
  A scorpion zombie (D:5)
  A sleepcap (D:5)
  5 hell rats (Lair:1)
  10 orc wizards
  2 killer bee zombies (D:6)
  A centaur simulacrum (D:5)
  2 bullfrog simulacra (D:5)
  14 gnolls
  9 adders
  2 hound simulacra (D:5)
  3 white imps (D:6)
  An ufetubus (D:4)
  A worm (D:4)
  3 dart slugs
  30 orcs
  5 ball pythons
  5 endoplasms
  7 giant cockroaches
  12 goblins
  6 hobgoblins
  6 jackals
  47 kobolds
  5 quokkas
  8 bats
  2 frilled lizards (D:2)
  4 rats
345 creatures vanquished.

Vanquished Creatures (others)
  Erica (D:9)
  A blink frog (Lair:1)
  3 kobolds (D:8)
5 creatures vanquished.

Grand Total: 350 creatures vanquished

Notes
Turn   | Place    | Note
-------+----------+-------------------------------------------
     0 | D:1      | monsoonserge the Troll Fighter began the quest for the Orb.
     0 | D:1      | Reached XP level 1. HP: 22/22 MP: 0/0
    87 | D:1      | Reached XP level 2. HP: 26/29 MP: 1/1
    88 | D:1      | Found a faded altar of an unknown god.
   693 | D:2      | Reached XP level 3. HP: 36/36 MP: 2/2
   826 | D:2      | Reached skill level 3 in Unarmed Combat
   968 | D:2      | Reached XP level 4. HP: 39/44 MP: 3/3
  2140 | D:3      | Reached XP level 5. HP: 53/53 MP: 4/4
  2226 | D:3      | Reached skill level 4 in Unarmed Combat
  2429 | D:4      | Noticed a water moccasin
  2438 | D:4      | Killed a water moccasin
  2439 | D:4      | Reached XP level 6. HP: 56/61 MP: 5/5
  2498 | D:4      | Found Eblilin's Armour Emporium.
  2514 | D:4      | Found an opulent altar of Gozag.
  2619 | D:4      | Reached skill level 5 in Unarmed Combat
  2881 | D:4      | Found Okli's Antique Armour Shop.
  3028 | D:4      | Reached XP level 7. HP: 65/68 MP: 6/6
  3187 | D:4      | Found an ornate altar of the Wu Jian Council.
  3187 | D:4      | Found a snail-covered altar of Cheibriados.
  3190 | D:4      | Became a worshipper of the Wu Jian Council
  3335 | D:5      | Entered Level 5 of the Dungeon
  3377 | D:5      | Reached skill level 6 in Unarmed Combat
  3499 | D:5      | Noticed pendulumcrow's ghost (amateur MiFi)
  3520 | D:5      | Noticed Menkaure
  3539 | D:5      | Reached skill level 5 in Shields
  3540 | D:5      | Killed Menkaure
  3541 | D:5      | Reached skill level 7 in Unarmed Combat
  3541 | D:5      | Reached XP level 8. HP: 64/79 MP: 7/7
  3570 | D:5      | Identified the +6 sling of Gustyided {heavy, rElec Int+3}
  3633 | D:5      | Noticed Pikel
  3655 | D:5      | Killed Pikel
  3656 | D:5      | Reached skill level 5 in Fighting
  3656 | D:5      | Reached skill level 8 in Unarmed Combat
  3719 | D:5      | Found a basalt altar of Yredelemnul.
  3725 | D:5      | Found a runed translucent gate.
  3726 | D:5      | Found a runed translucent gate.
  3727 | D:5      | Found a runed translucent gate.
  3830 | D:5      | Found a bloodstained altar of Trog.
  3850 | D:5      | Reached * piety under Wu Jian
  3932 | D:5      | Got Sif Muna's Tome of the Mutated Vector
  4118 | D:5      | Noticed Edmund
  4125 | D:5      | Killed Edmund
  4147 | D:5      | Noticed Sigmund
  4156 | D:5      | Killed Sigmund
  4157 | D:5      | Reached XP level 9. HP: 84/88 MP: 8/8
  4369 | D:6      | Reached skill level 9 in Unarmed Combat
  4395 | D:6      | Reached ** piety under Wu Jian
  4563 | D:6      | Found a shimmering altar of Xom.
  4801 | D:6      | Found a staircase to the Ecumenical Temple.
  4810 | Temple   | Entered the Ecumenical Temple
  5257 | D:5      | Killed pendulumcrow's ghost
  5389 | D:7      | Noticed Prince Ribbit
  5409 | D:6      | Reached skill level 10 in Unarmed Combat
  5427 | D:6      | Killed Prince Ribbit
  5462 | D:7      | Reached XP level 10. HP: 67/94 MP: 9/9
  5613 | D:7      | Noticed Maggie
  5630 | D:7      | Killed Maggie
  5630 | D:7      | Reached *** piety under Wu Jian
  6144 | D:8      | Found a burning altar of Makhleb.
  6209 | D:8      | Reached skill level 11 in Unarmed Combat
  6674 | D:8      | Found a stormy altar of Qazlal.
  7166 | D:9      | Reached skill level 5 in Dodging
  7202 | D:9      | Noticed Psyche
  7216 | D:9      | Killed Psyche
  7260 | D:9      | Found a shadowy altar of Dithmenos.
  7469 | D:9      | Reached XP level 11. HP: 109/109 MP: 10/10
  7520 | D:9      | Noticed Erica
  7525 | D:9      | Killed Erica
  7531 | D:9      | Reached **** piety under Wu Jian
  7933 | D:10     | Entered Level 10 of the Dungeon
  7954 | D:10     | Noticed Erolcha
  8103 | D:10     | Found a staircase to the Lair.
  8154 | Lair:1   | Entered Level 1 of the Lair of Beasts
  8172 | Lair:1   | Reached skill level 12 in Unarmed Combat
  8186 | Lair:1   | HP: 1/109 [rime drake/icy flash freeze (20)]
  8469 | D:10     | Found Nucluih's Armour Shoppe.
  8481 | D:10     | Killed Erolcha
  8987 | D:10     | Found a glowing silver altar of Zin.
  9346 | D:11     | Found Deixter's Book Shop.
  9543 | D:11     | Reached skill level 13 in Unarmed Combat
  9872 | Lair:1   | Reached XP level 12. HP: 102/119 MP: 11/11
 10017 | Lair:1   | Noticed a boulder beetle
 10043 | Lair:1   | Killed a boulder beetle
 10770 | Lair:2   | Found a staircase to the Snake Pit.
 10770 | Lair:2   | Noticed an eight-headed hydra
 10976 | D:12     | Noticed Josephine
 10985 | D:12     | Killed Josephine
 11031 | D:12     | Noticed Nergalle
 11032 | D:12     | Noticed a two-headed ogre
 11039 | D:12     | Killed a two-headed ogre
 11039 | D:12     | Reached ***** piety under Wu Jian
 11045 | D:12     | Killed Nergalle
 11098 | D:12     | Reached skill level 14 in Unarmed Combat
 11100 | D:12     | Noticed a boulder beetle
 11121 | D:11     | Killed a boulder beetle
 11199 | D:12     | Mangled by a titanic slime creature

Illustrated notes

Levels and vault maps discovered:
D:1:      minmay_arrival_four_circles, layout_loops_ring,
          chequers_ecumenical_altar_simple, serial_park_tiny_pond, st_stairs_14,
          minmay_misc_feat_enclosed
D:2:      minmay_razor_zed, layout_loops_ring
D:3:      layout_loops_ring, serial_glass, glass_columns_a, glass_columns_a
D:4:      layout_loops_corners, mainiacjoe_overflow_24_doors,
          gammafunk_temple_overflow_elements, serial_shops,
          nicolae_shop_hallway_stairs, shop
D:5:      layout_gridville, nicolae_yredelemnul_corpse_copse,
          trog_hazing_becter, gammafunk_ghost_icy,
          chequers_serial_rivers_small_3, hangedman_decor_opposing,
          sigmund_edmund_badplayer, uniq_menkaure, uniq_pikel, uniq_sigmund
D:6:      layout_basic, lemuel_crystal_altar,
          minmay_temple_entry_enclosed_plants, serial_undead, serial_undead_b,
          serial_undead_f, serial_undead_b, serial_undead_e, serial_undead_b
D:7:      layout_cave_pools, uniq_prince_ribbit1, uniq_maggie
D:8:      layout_cave_pools, mainiacjoe_overflow_surrounded_room,
          grunt_qazlal_clouds, chequers_big_river, serial_bayou_lagoon_a,
          minmay_misc_feat_five
D:9:      layout_cave_pods, grunt_dithmenos_smoke_and_mirrors, uniq_erica,
          uniq_psyche
D:10:     layout_loops_ring, lemuel_doored_altar, lair_entry_dummy,
          serial_shops, nicolae_take_the_stairs, uniq_erolcha
D:11:     layout_basic, serial_shops, shop_coins
D:12:     layout_roguey, erik_orc_1, portal_ice_cave_entry_pillars_1,
          uniq_nergalle, uniq_urug, uniq_josephine
Temple:   hc_temple_tempest_star
Lair:1:   layout_cave_shapes, serial_bayou_pond_b
Lair:2:   layout_cave_pods, minmay_shoals_entry_centaurs,
          guppyfry_snake_entry_island, st_stairs_9, infiniplex_staircase_pool_2

Skill      XL: |  1  2  3  4  5  6  7  8  9 10 11 12 |
---------------+-------------------------------------+-----
Shields        | 3 4 5 6 7 9 |  9.7
Unarmed Combat | 3 4 5 7 8 10 11 13 14 | 14.1
Fighting       | 3 4 5 6 7 8 |  8.8
Dodging        | 3 5 6 7 |  7.2

Action                     |  1- 3 |  4- 6 |  7- 9 | 10-12 || total
---------------------------+-------+-------+-------+-------++-------
  Melee: Unarmed           |   100 |   186 |   293 |   667 ||  1246
  Throw: Dart              |       |       |       |     4 ||     4
         Large rock        |       |       |       |     1 ||     1
 Invoke: Serpent's Lash    |       |       |       |     1 ||     1
Ability: Lunge             |       |       |    25 |    60 ||    85
         Whirlwind         |       |       |    60 |   255 ||   315
  Evoke: Wand              |       |       |     6 |     4 ||    10
    Use: Potion            |       |       |       |     2 ||     2
         Scroll            |       |       |       |     6 ||     6
 Armour: Robe              |    37 |    33 |    28 |     3 ||   101
         Swamp dragon scal |       |       |       |    61 ||    61
  Dodge: Dodged            |    38 |    82 |   120 |   243 ||   483
  Block: Kite shield       |    43 |    64 |   108 |   185 ||   400
